rei vs ferig

Match 36282077
End
Pioneer Squad
Construct Infanterie Kompanie
Grenadier Squad
Grenadier Squad
Grenadier Squad
Grenadier Squad
Infanterie Officer Quarters
Construct Panzergrenadier Kompanie
GrW 34 Mortar Team
Selects Mechanized Battlegroup
Selects Raid Package
251 Medium Carrier
Pak 40 Anti-tank Gun Team
Selects StuG Assault Group
StuG Assault Group
Pioneer Squad
Selects Spotting Scopes
Selects Wespe Self-propelled Artillery
Wespe Self-propelled Artillery
Panzergrenadier Officer Quarters
Selects Panther Heavy Tank
Panther Heavy Tank
Selects Mechanized Assault
Rei
FeriG
0
0

Comments sign in to comment!

No comments posted yet!